 Dungeon Crawl Stone Soup version 0.17.2-1-ge4368a0 (webtiles) character file.

461 magog001 the Ducker (level 6, -7/52 HPs)
             Began as a Deep Dwarf Earth Elementalist on Oct 1, 2016.
             Mangled by an ogre
             ... wielding a +0 giant spiked club
              (26 damage)
             ... on level 4 of the Dungeon.
             The game lasted 00:34:49 (4740 turns).

magog001 the Ducker (Deep Dwarf Earth Elementalist) Turns: 4740, Time: 00:34:49

Health: -7/52      AC:  6    Str: 12    XL:     6   Next: 79%
Magic:  8/8        EV: 14    Int: 15    God:
Gold:   308        SH:  0    Dex: 15    Spells: 3 memorised, 3 levels left

rFire  . . .     SeeInvis .     a - +3 dagger (venom)
rCold  . . .     Clarity  .     r - +2 leather armour {rPois}
rNeg   . . .     SustAt   .     (no shield)
rPois  +         Gourm    .     (no helmet)
rElec  .         Spirit   .     v - +0 cloak
rCorr  .         Warding  .     (no gloves)
rMut   .         Stasis   .     (no boots)
MR     .....                    (no amulet)
Stlth  +++.......               (no ring)
                                (no ring)

@: non-regenerating, not resistant to hostile enchantments, fairly stealthy
A: damage resistance, recharge devices, sense surroundings 1, slow regeneration
3
a: Device Recharging


You were on level 4 of the Dungeon.
You were not hungry.

You visited 1 branch of the dungeon, and saw 5 of its levels.

You collected 308 gold pieces.

Inventory:

Hand Weapons
 a - a +3 dagger of venom (weapon)
 p - a +0 hunting sling
Missiles
 b - 167 stones (quivered)
 g - 26 poisoned needles
 i - 3 needles of slowing
 l - 47 bolts
 n - 153 arrows
 q - 6 steel sling bullets
Armour
 r - a +2 leather armour of poison resistance (worn)
 v - a +0 cloak (worn)
Wands
 d - a wand of heal wounds (3)
Scrolls
 f - 2 scrolls of remove curse
 h - 2 scrolls of identify
 o - a scroll of enchant armour {unknown}
 s - a scroll of teleportation
 w - a scroll of immolation {unknown}
 x - a scroll of random uselessness {unknown}
Potions
 k - 3 potions of curing
 t - 2 potions of magic
 u - a potion of degeneration {unknown}
Books
 c - a book of Geomancy

   Spells                             Type                      Level
   a - Sandblast                      Earth                        1
   b - Stoneskin                      Transmutation/Earth          2
   c - Passwall                       Transmutation/Earth          3
   d - Stone Arrow                    Conjuration/Earth            3
   e - Petrify                        Transmutation/Earth          4
   f - Lee's Rapid Deconstruction     Earth                        5
Comestibles
 e - 2 bread rations
 j - a royal jelly


   Skills:
 * Level 1.9 Fighting
 * Level 2.1 Short Blades
 + Level 1.0 Armour
 * Level 5.1 Dodging
 + Level 4.6 Stealth
 + Level 1.0 Unarmed Combat
 + Level 2.3 Spellcasting
 + Level 1.0 Transmutations
 + Level 4.3 Earth Magic


You had 3 spell levels left.
You knew the following spells:

 Your Spells              Type           Power        Failure   Level  Hunger
a - Sandblast             Erth           ##....       6%          1    #......
b - Stoneskin             Trmt/Erth      #.......     17%         2    ###....
c - Passwall              Trmt/Erth      #.........   30%         3    ###....


Dungeon Overview and Level Annotations

Branches:
Dungeon (5/15)             Temple (0/1) D:4

Altars:


Innate Abilities, Weirdness & Mutations

You are resistant to damage.
You can recharge devices by infusing magical energy.
You passively map a small area around you.
You do not regenerate naturally.


Message History

The adder is heavily wounded.
The adder bites you.
You hit the adder.
The adder looks even sicker.
The adder is almost dead.
You kill the adder!
Your Armour skill increases to level 1!
n - 153 arrows (gained 29)
You open the door.
An ogre comes into view. It is wielding a giant spiked club.
The ogre shouts!
The ogre moves out of view.
There is an open door here.
Found an iron wand.
Found a staircase to the Ecumenical Temple.
The ogre hits you with a giant spiked club!!
You hit the ogre.
The ogre is lightly wounded.
The ogre hits you with a giant spiked club!!
Ouch! That really hurt!
You die...

, , #. * .# #. * .##. #. #####.#
#. #.......####.....## * #.
#........##..♣.♣..## ,, #.
##.....##......>....## ** ###.##
##.......#.##/.♣.♣....## ##....#
#..........###.........####...#.#
#...........'.O@......+.........
*#........###.........####....##
#....#.#.# ##.......## ##.#.#
#........# ##.....## ###.#
###.###### ##...## #.# #.#.##
#+## #.# #....# #.# #.# ###.##
#.# #.# #...# ##.## #.#


You could see an ogre.

Vanquished Creatures
  A scorpion (D:4)
  2 orc priests (D:4)
  A hound (D:4)
  2 worker ants
  2 orc wizards
  11 adders
  2 oozes
  6 worms
  16 orcs
  7 bats
  5 giant cockroaches
  9 hobgoblins
  5 jackals
  8 kobolds
  A ball python (D:1)
  4 giant newts
  10 goblins
  A quokka skeleton (D:4)
  10 rats
103 creatures vanquished.

Notes
Turn   | Place    | Note
--------------------------------------------------------------
     0 | D:1      | magog001 the Deep Dwarf Earth Elementalist began the quest for the Orb.
     0 | D:1      | Reached XP level 1. HP: 15/15 MP: 3/3
   554 | D:1      | Reached XP level 2. HP: 20/22 MP: 4/4
  1092 | D:2      | Reached skill level 1 in Unarmed Combat
  1531 | D:2      | Reached XP level 3. HP: 26/28 MP: 5/5
  2408 | D:2      | Reached skill level 1 in Short Blades
  2634 | D:2      | Reached XP level 4. HP: 37/37 MP: 0/7
  3172 | D:2      | Reached skill level 1 in Fighting
  3327 | D:3      | You fall through a shaft for 2 floors!
  3327 | D:5      | Entered Level 5 of the Dungeon
  3400 | D:5      | Reached XP level 5. HP: 28/44 MP: 7/7
  4037 | D:3      | Learned a level 2 spell: Stoneskin
  4041 | D:3      | Learned a level 3 spell: Passwall
  4283 | D:4      | Reached skill level 1 in Transmutations
  4283 | D:4      | Reached XP level 6. HP: 41/51 MP: 8/8
  4416 | D:4      | Reached skill level 5 in Dodging
  4687 | D:4      | Reached skill level 1 in Armour
  4736 | D:4      | Noticed an ogre
  4737 | D:4      | Found a staircase to the Ecumenical Temple.
  4740 | D:4      | Mangled by an ogre

Action                   |  1- 3 |  4- 6 || total
-------------------------+-------+-------++-------
Melee: Unarmed           |    66 |       ||    66
       Dagger            |   152 |   209 ||   361
Throw: Stone             |    21 |       ||    21
 Cast: Sandblast         |    18 |     8 ||    26
       Passwall          |       |     2 ||     2
 Abil: Device Recharging |       |     1 ||     1
Evoke: Wand              |     5 |     3 ||     8
  Use: Scroll            |       |     7 ||     7
       Potion            |       |     1 ||     1
 Stab: Sleeping          |     8 |     9 ||    17
       Distracted        |       |     1 ||     1
  Eat: Chunk             |     1 |     3 ||     4
       Bread ration      |     1 |       ||     1
       Meat ration       |       |     1 ||     1
